 Dungeon Crawl Stone Soup version 0.31-a0-455-g1a7b003ef0 (webtiles) character file.

Game seed: 15246687199842997535

192 kae the Changeling (level 5, -15/46 HPs)
             Began as a Naga Shapeshifter on Aug 3, 2023.
             Demolished by Menkaure (16 damage)
             ... on level 4 of the Dungeon.
             The game lasted 00:02:44 (2462 turns).

kae the Changeling (Naga Shapeshifter)              Turns: 2462, Time: 00:02:45

Health: -15/46     AC:  2    Str: 15 (17) XL:     5   Next: 71%
Magic:  5/5        EV: 10    Int:  6 (8)  God:
Gold:   77         SH:  0    Dex: 14      Spells: 4/4 levels left

rFire   . .          .
                       - Unarmed
rCold   . . .        (no shield)
rNeg    . . .        a - +0 animal skin
rPois   +            (helmet currently unavailable)
rElec   .            (cloak currently unavailable)
rCorr   .            (gloves currently unavailable)
SInv    +            (no barding)
Will    .....        (no amulet)
Stlth   +            (no ring)
HPRegen 0.27/turn    (no ring)
MPRegen 0.09/turn

%: no passive effects
@: beast-form, very slow
A: beast (slay +3), AC +1, large, see invisible, deformed body, poison
resistance, slowness 2, spit poison 1, naga tail 1
a: Spit Poison, Begin Untransformation


You were on level 4 of the Dungeon.
You were a hulking beast.
You visited 1 branch of the dungeon, and saw 4 of its levels.

You collected 77 gold pieces.


Innate Abilities, Weirdness & Mutations

You are a hulking beast.
Your limbs bulge with bestial killing power. (Slay +3)
Your serpentine skin is tough. (AC +1)
You have supernaturally acute eyesight. (SInv)
Armour fits poorly on your strangely shaped body.
Your system is resistant to poisons. (rPois)
You cover ground very slowly.
You can spit poison.
You have a snake-like lower body.


   Skills:
 + Level 2.5 Fighting
 - Level 2.0 Dodging
 + Level 3.9 Unarmed Combat
 * Level 4.3 Shapeshifting


You had 4 spell levels left.
You didn't know any spells.
Your spell library was empty.

Inventory:

Missiles
 g - 22 stones
 j - 21 poisoned darts
Armour
 a - a +0 animal skin (worn)
Jewellery
 R - a ring of resist corrosion
   (You found it on level 3 of the Dungeon)
Talismans
 c - a beast talisman (active)
Wands
 f - a wand of iceblast (3)
   (You found it on level 3 of the Dungeon)
 h - a wand of light (7)
   (You found it on level 3 of the Dungeon)
Scrolls
 b - a scroll of immolation {!r!r}
 e - a scroll of teleportation {@r4}
 l - a scroll of vulnerability {!r!r}
Potions
 d - a potion of heal wounds {@q2}
 i - 2 potions of enlightenment
 k - 2 potions of curing {@q1}
 p - a potion of degeneration {!q}

Dungeon Overview and Level Annotations

Branches:
Dungeon (4/15) Zot: 20832
 Temple: D:4-7

Altars:

Annotations:
D:2 1 runed translucent door, Crazy Yiuf, Robin, Sigmund
D:4 Menkaure

#... .# #... .
..##... . .
..:.... .#..
.......####....
....<.........#
.......<......#
....##........#
. #..h......#
##.M......#
##...#....
....#..#. ##..#
## #w# .# ..


You could see Menkaure (fast) and a worm.


Message History

An adder is nearby!
An adder is nearby!
An adder is nearby!
Aiming: Spit Poison (1% risk of failure)
Press: ? - help, Shift-Dir - straight line, f - adder
Aim: an adder (asleep, 100% to hit)
The splash of poison hits the adder!
The adder is poisoned.
The adder hisses angrily.
The adder closely misses you. x2
You barely miss the adder. The adder closely misses you.
An adder is nearby!
You hit the adder.
You have got your breath back.
The adder bites you.
You barely miss the adder. The adder bites you. 😕 HP[-6]
You take 6 damage, and now have 40/46 hp.
An adder is nearby!
You closely miss the adder. The adder closely misses you. The adder bites you.
You hit the adder.
You kill the adder!
You feel your dexterity returning. 😕 HP[-2]
You take 2 damage, and now have 38/46 hp.
You see here an adder corpse.
Found a stone staircase leading up. 😕 HP[+2]
You regained 2 hp, and now have 40/46 hp.
No target in view!
No target in view!
i - 2 potions of enlightenment 😎 HP[+6]
Your hp is fully restored (46).
Unknown command.
l - a scroll of vulnerability {!r!r}
j - 21 poisoned darts (gained 2) Done exploring.
Done exploring.
Done exploring.
Done exploring.
Okay, then.
Okay, then.
Your library has no spells.
Unknown command.
Okay, then.
Your library has no spells.
Unknown command.
Okay, then.
Done exploring.
Done exploring.
Unknown command.
Done exploring.
Done exploring.
Okay, then.
Okay, then.
(D) Dungeon
Where to? (Enter - D:2 @ (x,y), ? - help)
There is a stone staircase leading down here.
You climb downwards.
Found a book of Cantrips.
Found a stone staircase leading up.
There is a stone staircase leading up here.
Menkaure is nearby!
Okay, then.
Menkaure is nearby!
Menkaure is nearby!
Menkaure is nearby!
Aiming: Spit Poison (1% risk of failure)
Press: ? - help, Shift-Dir - straight line, f - you That beam is likely to hit you.
Continue anyway? [Y]es or [N]o only, please.
That beam is likely to hit you.
Continue anyway?
Okay, then.
You hit Menkaure. Menkaure hits you.
You hit Menkaure. You punch Menkaure, but do no damage. You hit Menkaure.
Menkaure calls on the powers of darkness!
Your body is wracked with pain!
A worm comes into view.
You are too injured to fight recklessly! 😮 HP[-22]
You take 22 damage, and now have 24/46 hp.
MASSIVE DAMAGE!! (PAUSE)
You closely miss Menkaure.
Menkaure gestures wildly while chanting.
Menkaure seems to speed up.
Unknown command.
You hit Menkaure but do no damage. Menkaure barely misses you.
Unknown command.
You hit Menkaure. Menkaure hits you.
* * * LOW HITPOINT WARNING * * *
😨 HP[-3]
You take 3 damage, and now have 21/46 hp.
Unknown command.
You hit Menkaure. Menkaure hits you!!
* * * LOW HITPOINT WARNING * * *
😱 HP[-20]
You take 20 damage, and now have 1/46 hp.
MASSIVE DAMAGE!! (PAUSE)
You hit Menkaure. Menkaure hits you!
You die...

Skill      XL: |  1  2  3  4 |
---------------+-------------+-----
Dodging        | 2 |  2.0
Fighting       | 2 |  2.5
Shapeshifting  | 4 |  4.3
Unarmed Combat | |  3.9

Action                     |  1- 3 |  4- 6 || total
---------------------------+-------+-------++-------
  Melee: Unarmed           |    58 |    51 ||   109
         Punch             |     3 |     2 ||     5
Ability: Spit Poison       |    17 |    21 ||    38
    Use: Potion            |     1 |     7 ||     8
         Scroll            |       |     7 ||     7
 Armour: Animal skin       |    14 |    12 ||    26
         Skin              |     5 |     3 ||     8
  Dodge: Dodged            |    35 |    31 ||    66

Levels and vault maps discovered:
D:1:      wander_arrival_estate, layout_loops_ring,
          minmay_misc_feat_four_crosses, st_stairs_5, chequers_decorated_corner
D:2:      layout_basic, uniq_sigmund, uniq_robin, uniq_terence,
          uniq_crazy_yiuf_cottage
D:3:      layout_loops_corners, ebering_ecumenical_altar_sacrificial
D:4:      layout_cave_pools, gammafunk_ghost_mausoleum,
          nicolae_figureground_sparkle, uniq_natasha, uniq_menkaure,
          uniq_eustachio

Notes
Turn   | Place    | Note
-------+----------+-------------------------------------------
     0 | D:1      | kae the Naga Shapeshifter began the quest for the Orb.
     0 | D:1      | Reached XP level 1. HP: 18/18 MP: 1/1
     0 | D:1      | magus.rc [v1.11.3]
    82 | D:1      | Reached XP level 2. HP: 24/25 MP: 2/2
   532 | D:1      | HP: 6/25 [goblin/+0 club (2)]
   656 | D:1      | Reached XP level 3. HP: 19/31 MP: 3/3
   822 | D:2      | Reached skill level 2 in Dodging
   904 | D:2      | Noticed Terence
   916 | D:2      | Killed Terence
   917 | D:2      | Reached XP level 4. HP: 39/39 MP: 4/4
   983 | D:2      | Noticed a scorpion
   987 | D:2      | Killed a scorpion
   988 | D:2      | Reached skill level 2 in Fighting
   988 | D:2      | Reached skill level 4 in Shapeshifting
   988 | D:2      | Reached XP level 5. HP: 44/45 MP: 5/5
  1033 | D:2      | Found a runed translucent door.
  1034 | D:2      | Noticed Crazy Yiuf
  1183 | D:2      | Noticed Sigmund
  1286 | D:2      | Noticed Robin
  1792 | D:3      | Found a faded altar of an unknown god.
  2452 | D:4      | Noticed Menkaure
  2461 | D:4      | HP: 1/46 [Menkaure (20)]
  2462 | D:4      | Demolished by Menkaure

Vanquished Creatures
  A scorpion (D:2)
  Terence (D:2)
  5 adders
  3 worms (D:3)
  2 dart slugs
  An orc (D:3)
  3 endoplasms
  A giant cockroach (D:1)
  4 goblins (D:1)
  2 hobgoblins
  5 jackals (D:1)
  3 quokkas (D:1)
  4 ball pythons
  5 bats
  3 frilled lizards (D:3)
  5 kobolds
  5 rats
53 creatures vanquished.

Table legend:
 A = Non-vault XP
 B = Vault XP
 C = Vault XP percentage of total XP
 D = Non-vault monster count
 E = Vault monster count
 F = Vault count percentage of total count
                 A         B        C        D         E       F
            +---------+---------+-------+---------+---------+-------
      Total |     232 |      43 |  15.6 |      49 |       4 |   7.5
            +---------+---------+-------+---------+---------+-------
        D:1 |      35 |       7 |  16.7 |      21 |       3 |  12.5
        D:2 |     131 |      36 |  21.6 |      14 |       1 |   6.7
        D:3 |      66 |       0 |   0.0 |      14 |       0 |   0.0
            +---------+---------+-------+---------+---------+-------

Skill      XL: |  1  2  3  4 |
---------------+-------------+-----
Dodging        | 2 |  2.0
Fighting       | 2 |  2.5
Shapeshifting  | 4 |  4.3
Unarmed Combat | |  3.9

Action                     |  1- 3 |  4- 6 || total
---------------------------+-------+-------++-------
  Melee: Unarmed           |    58 |    51 ||   109
         Punch             |     3 |     2 ||     5
Ability: Spit Poison       |    17 |    21 ||    38
    Use: Potion            |     1 |     7 ||     8
         Scroll            |       |     7 ||     7
 Armour: Animal skin       |    14 |    12 ||    26
         Skin              |     5 |     3 ||     8
  Dodge: Dodged            |    35 |    31 ||    66

Illustrated notes

Table legend:
 A = Kills in this place as a percentage of kills in the entire game.
 B = Kills by you in this place as a percentage of kills by you in the entire game.
 C = Kills by friends in this place as a percentage of kills by friends in the entire game.
 D = Other kills in this place as a percentage of other kills in the entire game.
 E = Experience gained in this place as a percentage of experience gained in the entire game.
 F = Experience gained in this place divided by the number of levels of this place that you have seen.
                   A       B       C       D       E      F
               +-------+-------+-------+-------+-------+----------------------
         Total | 100.0 | 100.0 |   N/A |   N/A | 100.0 |  68.8
       Dungeon | 100.0 | 100.0 |   N/A |   N/A | 100.0 |  68.8
               +-------+-------+-------+-------+-------+----------------------

Table legend: (Time is in decaauts)
 A = Elapsed time spent in this place.
 B = Non-inter-level travel time spent in this place.
 C = Inter-level travel time spent in this place.
 D = Time resting spent in this place.
 E = Time spent auto-exploring this place.
 F = Levels seen in this place.
 G = Mean time per level.
                   A        B        C        D        E       F      G
               +--------+--------+--------+--------+--------+-----+--------+
         Total |   3166 |   3107 |     59 |    129 |   2576 |   4 |  791.5 |
       Dungeon |   3166 |   3107 |     59 |    129 |   2576 |   4 |  791.5 |
               +--------+--------+--------+--------+--------+-----+--------+

Top non-repeatable levels by time:
     D:3: 1215 daAuts
     D:1: 1043 daAuts
     D:2: 897 daAuts
     D:4: 9 daAuts
